 Dungeon Crawl Stone Soup version 0.27.1-34-g3ba077fa99 (webtiles) character file.

Game seed: 580977142204146132

12 Descartes the Grasshopper (level 2, 0/22 HPs)
             Began as a Formicid Warper on Jan 23, 2022.
             Slain by a jackal (1 damage)
             ... on level 1 of the Dungeon on Jan 25, 2022.
             The game lasted 00:02:39 (550 turns).

Descartes the Grasshopper (Formicid Warper)          Turns: 550, Time: 00:02:40

Health: 0/22       AC:  5    Str: 15    XL:     2   Next: 45%
Magic:  5/5        EV: 10    Int: 12    God:
Gold:   15         SH:  0    Dex: 10    Spells: 4/5 levels left

rFire    . . .     SeeInvis +   a - +0 falchion
rCold    . . .     Faith    .   (no shield)
rNeg     . . .     Spirit   .   f - +0 ring mail
rPois    .         Reflect  .   (helmet unavailable)
rElec    .         Harm     .   (no cloak)
rCorr    .         Rampage  .   (no gloves)
Will     .....                  (no boots)
Stlth    ..........             (no amulet)
HPRegen  0.07/turn              (no ring)
MPRegen  0.09/turn              (no ring)

@: no status effects
A: permanent stasis, dig shafts and tunnels, antennae 3, four strong arms
a: Dig, Shaft Self


You were on level 1 of the Dungeon.
You visited 1 branch of the dungeon, and saw 1 of its levels.

You collected 15 gold pieces.

Inventory:

Hand Weapons
 a - a +0 falchion (weapon)
Missiles
 c - 5 boomerangs of dispersal (quivered)
 d - 59 stones
Armour
 b - a +0 leather armour
 f - a +0 ring mail (worn)
Scrolls
 e - a scroll of fog {unknown}
Potions
 g - 2 potions of resistance {unknown}


   Skills:
 - Level 2.1 Fighting
 - Level 2.0 Long Blades
 - Level 1.0 Throwing
 + Level 2.0 Armour
 - Level 1.7 Dodging
 - Level 2.1 Spellcasting
 + Level 3.0 Translocations


You had 4 spell levels left.
You knew the following spells:

 Your Spells              Type           Power      Damage    Failure   Level
a - Shock                 Conj/Air       4%         1d3       45%         1

Your spell library contained the following spells:

 Spells                   Type           Power      Damage    Failure   Level
 Gell's Gravitas          Tloc           4%         N/A       41%         3
 Lesser Beckoning         Tloc           4%         N/A       41%         3
 Teleport Other           Tloc           8%         N/A       41%         3
 Frozen Ramparts          Ice            2%         1d2       83%         3
 Ice Form                 Ice/Tmut       1%         N/A       99%         4
 Summon Ice Beast         Ice/Summ       1%         N/A       99%         4
 Manifold Assault         Tloc           8%         N/A       99%         5
 Blink                    Tloc           Unusable   N/A       N/A         2

Dungeon Overview and Level Annotations

Branches:
Dungeon (1/15)

Altars:
Vehumet

Shops:
D:1 (


Innate Abilities, Weirdness & Mutations

You cannot be hasted, slowed, berserked, paralysed or teleported.
You can dig through walls and to a lower floor.
You have a pair of large antennae on your head. (SInv)
Your four strong arms can wield two-handed weapons with a shield.


Message History

You closely miss the jackal. The jackal closely misses you.
The jackal bites you.
You hit the jackal but do no damage. The jackal barely misses you.
The jackal bites you but does no damage.
You hit the jackal.
The jackal is lightly wounded.
The jackal closely misses you.
A rat comes into view.
You barely miss the jackal.
The jackal is lightly wounded.
The jackal bites you but does no damage.
The jackal bites you.
You closely miss the jackal.
The jackal is lightly wounded.
The jackal bites you but does no damage.
The jackal closely misses you.
You closely miss the jackal.
The jackal is lightly wounded.
The jackal barely misses you.
Vehumet rains destruction down upon you!
The flame tongue hits you!
Ouch! That really hurt!
* * * LOW HITPOINT WARNING * * *
You closely miss the jackal.
The jackal is lightly wounded.
The jackal bites you but does no damage. x2
You completely miss the jackal.
The jackal is lightly wounded.
The jackal bites you.
* * * LOW HITPOINT WARNING * * *
The jackal bites you but does no damage.
You hit the jackal.
The jackal is heavily wounded.
The jackal bites you.
* * * LOW HITPOINT WARNING * * *
You barely miss the jackal.
The jackal is heavily wounded.
The jackal bites you but does no damage.
The jackal bites you.
You die...

###.##..##. . #......##.
.b#. # ###......##.
..#.##### #.#.......###.
..K.......####.#.#....## #.
..................#.# #.
.....########.##.#..# #.
..###.#h####.....##.##.###.
#)...bhhh@......#### .....
#.##.rKh###.....# #....
.......### #.....# #..#.
.#....( ####### #..#.
....### #. .#. ... # #...
.... ....


You could see 5 jackals, a bat, a kobold and a rat.

Vanquished Creatures
  2 bats (D:1)
  2 endoplasms (D:1)
  A hobgoblin (D:1)
  A jackal (D:1)
  2 ball pythons (D:1)
  A goblin (D:1)
  2 kobolds (D:1)
  A spectral goblin (D:1)
12 creatures vanquished.

Notes
Turn   | Place    | Note
-------+----------+-------------------------------------------
     0 | D:1      | Descartes the Formicid Warper began the quest for the Orb.
     0 | D:1      | Reached XP level 1. HP: 16/16 MP: 3/3
   118 | D:1      | Found Culoal's Weapon Shop.
   364 | D:1      | Reached XP level 2. HP: 20/22 MP: 5/5
   364 | D:1      | Found a faded altar of an unknown god.
   382 | D:1      | Reached skill level 3 in Translocations
   385 | D:1      | Became a worshipper of Vehumet
   385 | D:1      | Reached * piety under Vehumet
   385 | D:1      | Offered knowledge of Shock by Vehumet.
   495 | D:1      | Learned a level 1 spell: Shock
   498 | D:1      | Fell from the grace of Vehumet
   549 | D:1      | HP: 1/22 [jackal (2)]
   550 | D:1      | Slain by a jackal

Illustrated notes

Levels and vault maps discovered:
D:1:      nzn_arrival_depleted_hourglass, layout_basic, serial_shops,
          nicolae_shop_crystal, dreamdust_ecumenical_altar_drowned_temple,
          minmay_pentomino_u2

Skill      XL: |  1  2 |
---------------+-------+-----
Translocations | 3 |  3.0
Armour         | 2 |  2.0
Fighting       | |  2.1
Long Blades    | |  2.0
Throwing       | |  1.0
Dodging        | |  1.7
Spellcasting   | |  2.1

Action                   || total
-------------------------++-------
Melee: Falchion          ||    69
Invok: Renounce Religion ||     1
Armor: Leather armour    ||     8
       Ring mail         ||    33
Dodge: Dodged            ||    46
       Rpst.: Falchion   ||     5
